 Dungeon Crawl Stone Soup version 0.22-a0-422-g9628fc8 (webtiles) character file.

18687 4thArraOfDagon the Arsonist (level 12, -3/74 HPs)
             Began as a Mummy Fire Elementalist on May 16, 2018.
             Was an Elder of Sif Muna.
             Slain by a phantom (9 damage)
             ... on level 13 of the Dungeon.
             The game lasted 00:38:26 (10514 turns).

4thArraOfDagon the Arsonist (MuFE)                 Turns: 10514, Time: 00:38:27

Health: -3/74      AC: 14    Str: 17    XL:     12   Next: 29%
Magic:  26/26      EV: 12    Int: 24    God:    Sif Muna [****..]
Gold:   123        SH:  5    Dex: 12    Spells: 14/31 levels left

rFire    + . .     SeeInvis .   v - +6 falchion "Hiomed" {freeze, Str+4 Int+4 Stlth+}
rCold    + + .     Gourm    .   (no shield)
rNeg     + + +     Faith    .   a - +1 robe
rPois    ∞         Spirit   .   z - +0 helmet (curse)
rElec    .         Reflect  +   C - +0 cloak of Axudayra {rPois rF+ rC+} (curse)
rCorr    +         Harm     .   E - +2 pair of gloves "Didahu" {rCorr}
MR       +....                  t - +0 pair of boots "Taifil" {Int+2}
Stlth    +++.......             n - +5 amulet of reflection
HPRegen  0.22/turn              b - ring of protection from fire
MPRegen  0.20/turn              e - +5 ring of protection

@: divine energy
A: no food or potions, fire vulnerability, cold resistance 1, negative energy
resistance 3, torment resistance, unbreathing
a: Stop Divine Energy, Channel Magic, Forget Spell, Renounce Religion


You were on level 13 of the Dungeon.
You worshipped Sif Muna.
Sif Muna was greatly pleased with you.
You were not hungry.

You visited 1 branch of the dungeon, and saw 13 of its levels.
You also visited: Ossuary.

You collected 863 gold pieces.
You spent 740 gold pieces at shops.

Inventory:

Hand Weapons
 v - the +6 falchion "Hiomed" (weapon) {freeze, Str+4 Int+4 Stlth+}
   (You found it on level 12 of the Dungeon)

   It has been specially enchanted to freeze those struck by it, causing extra
   injury to most foes and up to half again as much damage against particularly
   susceptible opponents.
   It can also slow down cold-blooded creatures.
   It affects your strength (+4).
   It affects your intelligence (+4).
   It makes you more stealthy.
Armour
 a - a +1 robe (worn)
 t - the +0 pair of boots "Taifil" (worn) {Int+2}
   (You bought it in a shop on level 7 of the Dungeon)

   It affects your intelligence (+2).
 z - a cursed +0 helmet (worn)
 C - the cursed +0 cloak of Axudayra (worn) {rPois rF+ rC+}
   (You bought it in a shop on level 4 of the Dungeon)

   It protects you from fire.
   It protects you from cold.
   It protects you from poison.
   It has a curse placed upon it.
 E - the +2 pair of gloves "Didahu" (worn) {rCorr}
   (You found it on level 11 of the Dungeon)

   It protects you from acid and corrosion.
Magical Staves
 D - an uncursed staff of cold
Jewellery
 b - a ring of protection from fire (left hand)
 e - a +5 ring of protection (right hand)
 n - a +5 amulet of reflection (around neck)
 A - an uncursed ring of see invisible
Wands
 c - a wand of random effects (10)
 d - a wand of digging (31)
 o - a wand of disintegration (30)
 r - a wand of polymorph (9)
 s - a wand of iceblast (10)
 w - a wand of enslavement (16)
Scrolls
 h - 6 scrolls of remove curse
 j - a scroll of enchant armour
 k - 3 scrolls of immolation {unknown}
 l - 2 scrolls of magic mapping {unknown}
 p - 10 scrolls of teleportation
 q - 2 scrolls of blinking {unknown}
 u - 5 scrolls of identify
 x - a scroll of acquirement {unknown}
 y - 3 scrolls of amnesia
 F - a scroll of torment
Miscellaneous
 i - a lamp of fire


   Skills:
 - Level 1.5 Dodging
 - Level 1.5 Stealth
 + Level 10.3 Spellcasting
 * Level 10.1 Conjurations
 * Level 10.3 Fire Magic
 + Level 7.5 Invocations


You had 14 spell levels left.
You knew the following spells:

 Your Spells              Type           Power        Failure   Level  Hunger
a - Flame Tongue          Conj/Fire      #####        1%          1    N/A
b - Conjure Flame         Conj/Fire      ######..     1%          3    N/A
c - Sticky Flame          Conj/Fire      ######..     1%          4    N/A
d - Fireball              Conj/Fire      ######....   1%          5    N/A
e - Iskenderun's Mystic   Conj           ######..     1%          4    N/A

Your spell library contained the following spells:

 Spells                   Type           Power        Failure   Level  Hunger
 Cause Fear               Hex            ##........   45%         4    N/A
 Magic Dart               Conj           ####         1%          1    N/A
 Lightning Bolt           Conj/Air       #####.....   19%         5    N/A
 Slow                     Hex            ##......     8%          2    N/A
 Confuse                  Hex            ##......     16%         3    N/A
 Throw Flame              Conj/Fire      ######       1%          2    N/A
 Freezing Cloud           Conj/Ice/Air   ####......   89%         6    N/A
 Summon Small Mammal      Summ           ##..         4%          1    N/A
 Freeze                   Ice            ##..         4%          1    N/A
 Summon Ice Beast         Ice/Summ       ##......     45%         4    N/A
 Call Imp                 Summ           ##......     8%          2    N/A
 Poison Arrow             Conj/Pois      #####.....   69%         6    N/A
 Tukima's Dance           Hex            ##......     16%         3    N/A
 Shock                    Conj/Air       ####         1%          1    N/A
 Swiftness                Chrm/Air       ##......     8%          2    N/A
 Deflect Missiles         Chrm/Air       ##........   100%        6    N/A
 Glaciate                 Conj/Ice       #####.....   100%        9    N/A
 Airstrike                Air            ##........   45%         4    N/A
 Call Canine Familiar     Summ           ##......     16%         3    N/A
 Ensorcelled Hibernation  Hex/Ice        ##....       8%          2    N/A
 Metabolic Englaciation   Hex/Ice        ##........   80%         5    N/A
 Static Discharge         Conj/Air       #####...     1%          3    N/A
 Corona                   Hex            ##.....      4%          1    N/A
 Chain Lightning          Conj/Air       #####.....   100%        8    N/A
 Portal Projectile        Hex/Tloc       ##....       16%         3    N/A
 Tornado                  Air            ##........   100%        9    N/A
 Leda's Liquefaction      Hex/Erth       ##........   45%         4    N/A
 Inner Flame              Hex/Fire       #####...     1%          3    N/A
 Dazzling Spray           Conj/Hex       #####.       1%          3    N/A
 Force Lance              Conj/Tloc      #####...     6%          4    N/A
 Summon Lightning Spire   Summ/Air       ##......     45%         4    N/A
 Summon Guardian Golem    Hex/Summ       ##......     16%         3    N/A
 Spellforged Servitor     Conj/Summ      #####.....   99%         7    N/A

Dungeon Overview and Level Annotations

Branches:
Dungeon (13/15)            Temple (0/1) D:6            Lair (0/6) D:11
    Orc (0/2) D:11
 Vaults: D:13-14

Altars:
Ashenzari
Dithmenos
Elyvilon
Fedhas
Okawaru
Ru
Sif Muna
Vehumet
Wu Jian
Xom
Yredelemnul

Shops:
D:4 [   D:5 !   D:7 [   D:11 ?

Annotations:
D:10 George's ghost, journeyman MiFi
D:12 PeterMcNeter's ghost, journeyman MfBe


Innate Abilities, Weirdness & Mutations

You do not eat or drink.
Your flesh is vulnerable to fire.
You are immune to poison.
Your flesh is cold resistant. (rC+)
You are immune to negative energy. (rN+++)
You are immune to unholy pain and torment.
You can survive without breathing.


Message History

Unknown command.
Evoke which item? (* to show all) (? for menu, Esc to quit)
Aiming: Enslavement
Press: ? - help, Shift-Dir - straight line, f - centaur warrior
Aim: a centaur warrior, wielding a shortbow and wearing a robe (chance to defeat MR: 28%)
Okay, then.
Unknown command.
Okay, then.
Unknown command.
That item cannot be evoked!
Unknown command.
Evoke which item? (* to show all) (? for menu, Esc to quit)
Okay, then.
Unknown command.
You can't drink.
Unknown command.
Evoke which item? (* to show all) (? for menu, Esc to quit)
Okay, then.
The phantom hits you!
You die...

###....#....(...####.####
###.####.#.#.........#
#........#.######### #
#.#.........††.....#
#.####.....####....# #.#
#...##........#
#.#####.###........#
#........##........#
#........######W@(.#
..)......# ####.(..#.######
#........# #.......#......#
#.........##.###†#†#......#
..........## #c#.#Z.....#
##........# #.(†#......#
..=...[.#..# #####§#.......
......####.#.#....c#.......
.....................).)...


You could see a centaur warrior and a phantom.

Vanquished Creatures
  A ghoul (D:13)
  A hydra (D:13)
  2 two-headed ogres
  An unseen horror (D:10)
  A deep elf mage (D:13)
  3 ugly things
  2 cyclopes
  Psyche (D:9)
  2 trolls
  Grinder (D:3)
  A meliai zombie (D:13)
  The ghost of PegasusDuck the Skirmisher, an amateur TeWn (D:7)
  A hippogriff (D:8)
  8 yaks
  2 water elementals (D:12)
  3 wyverns
  2 hungry ghosts
  2 vampire mosquitoes (D:13)
  A steam dragon (D:10)
  Edmund (D:4)
  A soldier ant (D:13)
  4 wargs (D:11)
  2 water moccasins
  6 porcupines (D:11)
  Duvessa (D:7)
  A black bear (D:8)
  A hornet zombie (D:10)
  4 orc warriors
  5 ice beasts
  A sky beast (D:5)
  An eye of draining (D:12)
  6 ogres
  3 phantoms
  6 centaurs
  2 big kobolds (D:9)
  6 bullfrogs
  An elf zombie (Ossuary)
  2 wyvern zombies
  Dowan (D:7)
  A water moccasin skeleton (D:4)
  12 killer bees
  4 scorpions
  7 wights
  2 howler monkeys (D:6)
  3 electric eels (D:12)
  4 centaur zombies
  5 crimson imps
  4 bullfrog zombies
  2 jellies
  A quasit (D:10)
  4 centaur skeletons
  A human zombie (Ossuary)
  6 hounds
  3 orc priests
  3 bullfrog skeletons
  A gnoll shaman (D:6)
  17 orc wizards
  3 iguanas
  6 worker ants
  2 hound zombies (Ossuary)
  4 mummies
  3 worker ant zombies
  3 gnolls (D:6)
  A howler monkey skeleton (D:5)
  5 adders
  4 shadow imps
  A worm zombie (D:5)
  4 adder zombies (Ossuary)
  An adder skeleton (D:5)
  4 worms
  A dart slug (D:2)
  5 leopard geckos
  30 orcs
  3 bats
  8 giant cockroaches
  2 hobgoblins (D:1)
  A jackal (D:11)
  11 kobolds
  5 quokkas
  2 ball pythons
  A ball python skeleton (D:4)
  5 frilled lizards
  2 gnoll zombies (Ossuary)
  6 goblins
  3 goblin zombies (Ossuary)
  3 hobgoblin zombies
  3 jackal zombies (Ossuary)
  5 kobold zombies
  2 leopard gecko skeletons
  2 orc zombies (Ossuary)
  6 quokka zombies (Ossuary)
  5 rats
  3 rat zombies (Ossuary)
326 creatures vanquished.

Vanquished Creatures (others)
  An iguana (D:4)
  A worker ant (D:4)
  A kobold (D:9)
  30 fungi (D:11)
  9 plants
42 creatures vanquished.

Grand Total: 368 creatures vanquished

Notes
Turn   | Place    | Note
-------+----------+-------------------------------------------
     0 | D:1      | 4thArraOfDagon the Mummy Fire Elementalist began the quest for the Orb.
     0 | D:1      | Reached XP level 1. HP: 13/13 MP: 4/4
    10 | D:2      | Found a blossoming altar of Fedhas.
    53 | D:3      | Noticed Grinder
    53 | D:3      | Paralysed by Grinder for 7 turns
   129 | D:2      | Reached skill level 1 in Conjurations
   241 | D:1      | Reached XP level 2. HP: 14/19 MP: 3/5
   624 | D:2      | Found a deep blue altar of Sif Muna.
   627 | D:2      | Became a worshipper of Sif Muna the Loreminder
   984 | D:2      | Reached XP level 3. HP: 18/24 MP: 2/7
   995 | D:2      | Learned a level 3 spell: Conjure Flame
  1223 | D:4      | Noticed Edmund
  1373 | D:4      | Found Elinix's Armour Shop.
  1420 | D:4      | Found a shimmering altar of Xom.
  1429 | D:4      | Reached XP level 4. HP: 23/30 MP: 3/9
  1465 | D:4      | Learned a level 4 spell: Sticky Flame
  1473 | D:4      | Reached skill level 1 in Invocations
  1489 | D:4      | Reached XP level 5. HP: 33/35 MP: 1/10
  1804 | D:4      | Noticed an ogre
  1834 | D:4      | Killed an ogre
  1834 | D:4      | Reached XP level 6. HP: 38/41 MP: 0/11
  2028 | D:3      | Killed Grinder
  2028 | D:3      | Reached * piety under Sif Muna
  2430 | D:4      | Found a shadowy altar of Dithmenos.
  2441 | D:4      | Reached XP level 7. HP: 18/46 MP: 1/13
  2471 | D:4      | Learned a level 5 spell: Fireball
  2479 | D:5      | Entered Level 5 of the Dungeon
  2825 | D:5      | NO
  2877 | D:5      | Reached skill level 5 in Spellcasting
  2898 | D:5      | Found Qedoimm's Distillery.
  3012 | D:5      | Reached skill level 5 in Fire Magic
  3014 | D:5      | Found a sand-covered staircase.
  3024 | D:5      | Reached ** piety under Sif Muna
  3026 | Ossuary  | Entered an ossuary
  3170 | Ossuary  | Reached XP level 8. HP: 39/52 MP: 11/15
  3554 | D:6      | Reached skill level 5 in Conjurations
  3782 | D:6      | Reached *** piety under Sif Muna
  3832 | D:6      | Found a shattered altar of Ashenzari.
  3898 | D:6      | Found an iron altar of Okawaru.
  4049 | D:6      | Found a staircase to the Ecumenical Temple.
  4101 | D:6      | Found a white marble altar of Elyvilon.
  4200 | D:6      | Found a basalt altar of Yredelemnul.
  4432 | D:7      | Reached XP level 9. HP: 48/57 MP: 13/18
  4535 | D:7      | Noticed PegasusDuck's ghost (amateur TeWn)
  4743 | D:7      | Noticed Dowan
  4744 | D:7      | Noticed Duvessa
  4759 | D:7      | Killed Duvessa
  4775 | D:7      | Killed Dowan
  4846 | D:7      | Found Aceus's Armour Shop.
  4853 | D:7      | Bought the +0 pair of boots "Taifil" {Int+2} for 204 gold pieces
  5479 | D:8      | Reached **** piety under Sif Muna
  5889 | D:8      | Found an ornate altar of the Wu Jian Council.
  5918 | D:8      | Reached skill level 5 in Invocations
  6108 | D:9      | Found a radiant altar of Vehumet.
  6187 | D:9      | Reached XP level 10. HP: 53/63 MP: 8/21
  6212 | D:9      | Found a sacrificial altar of Ru.
  6462 | D:9      | Noticed Psyche
  6466 | D:9      | Killed Psyche
  6709 | D:10     | Entered Level 10 of the Dungeon
  7097 | D:7      | Killed PegasusDuck's ghost
  7097 | D:7      | Reached ***** piety under Sif Muna
  7217 | D:4      | Killed Edmund
  7248 | D:4      | Identified Sif Muna's Papyrus of Attacks (Sif Muna gifted it to you on level 4 of the Dungeon)
  7248 | D:4      | Received a gift from Sif Muna
  7726 | D:4      | Bought the cursed +0 cloak of Axudayra {rPois rF+ rC+} for 293 gold pieces
  7844 | D:10     | Noticed George's ghost (journeyman MiFi)
  8123 | D:10     | Noticed an unseen horror
  8130 | D:10     | Killed an unseen horror
  8530 | D:10     | Reached XP level 11. HP: 42/68 MP: 8/23
  8592 | D:11     | Noticed a red ugly thing
  8610 | D:11     | Killed a purple ugly thing
  8617 | D:11     | Noticed a purple ugly thing
  8623 | D:11     | Killed a purple ugly thing
  8646 | D:11     | Learned a level 4 spell: Iskenderun's Mystic Blast
  8782 | D:11     | Found a staircase to the Orcish Mines.
  8873 | D:11     | Noticed a two-headed ogre
  8902 | D:11     | Killed a two-headed ogre
  8944 | D:11     | Found Uliabeimer's Magic Scroll Boutique.
  8949 | D:11     | Got a pair of ancient gloves
  8956 | D:11     | Identified the +2 pair of gloves "Didahu" {rCorr} (You found it on level 11 of the Dungeon)
  8973 | D:11     | Bought a scroll of teleportation for 54 gold pieces
  8973 | D:11     | Bought a scroll of teleportation for 54 gold pieces
  8973 | D:11     | Bought a scroll of torment for 135 gold pieces
  9094 | D:11     | Found a staircase to the Lair.
  9669 | D:12     | Noticed a red ugly thing
  9677 | D:12     | Killed a brown ugly thing
  9811 | D:12     | Noticed a two-headed ogre
  9852 | D:12     | Killed a two-headed ogre
  9888 | D:12     | Noticed PeterMcNeter's ghost (journeyman MfBe)
  9987 | D:12     | Identified the +6 falchion "Hiomed" {freeze, Str+4 Int+4 Stlth+} (You found it on level 12 of the Dungeon)
 10217 | D:13     | Noticed a deep elf mage
 10219 | D:13     | Killed a deep elf mage
 10219 | D:13     | Reached skill level 10 in Spellcasting
 10219 | D:13     | Reached skill level 10 in Fire Magic
 10219 | D:13     | Reached XP level 12. HP: 45/74 MP: 12/26
 10433 | D:13     | Noticed a four-headed hydra
 10434 | D:13     | Noticed a ghoul
 10445 | D:13     | Killed a four-headed hydra
 10445 | D:13     | Identified Sif Muna's Handbook of the Flying Frostbite (Sif Muna gifted it to you on level 13 of the Dungeon)
 10445 | D:13     | Received a gift from Sif Muna
 10462 | D:13     | Killed a ghoul
 10462 | D:13     | Reached skill level 10 in Conjurations
 10507 | D:13     | Noticed a centaur warrior
 10512 | D:13     | Noticed a centaur warrior
 10514 | D:13     | Slain by a phantom

Vault maps used:
D:1:      minmay_arrival_hallway, minmay_misc_feat_enclosed
D:2:      lemuel_blue_sif_altar, serial_glass, glass_columns_a, glass_columns_a,
          fedhas_altar_1
D:3:      first_ration, uniq_grinder
D:4:      nicolae_dithmenos_shadow_blocks, serial_shops, shop_fountains,
          xom_confusion_cloud, uniq_edmund
D:5:      cheibrodos_quashed, enter_ossuary_3, serial_shops,
          kennysheep_little_box
D:6:      kennysheep_ying_yang, kennysheep_mini, okawaru_metal_pillars_1_2,
          minmay_temple_entry_fiery
D:7:      serial_shops, shop, uniq_duvessa
D:8:      lemuel_round_altar
D:9:      lemuel_crystal_altar, nicolae_ru_path_of_blood,
          minmay_unpleasant_kobolds, uniq_psyche
D:10:     roderic_lattice_a, the_bakery
D:11:     due_lair_maze_entry_diamond, minmay_orc_entry_guard_dogs,
          serial_shops, shop_statue
D:12:     minmay_cornered_nines, serial_bayou, serial_bayou_ford_a,
          serial_bayou_shore_a, serial_bayou_crossing, serial_bayou_shore_b
D:13:     erik_vaults_1, serial_undead, serial_undead_d, serial_undead_f,
          serial_undead_e, serial_undead_d
Ossuary:  minmay_ossuary_two_tombs

Skill      XL: |  1  2  3  4  5  6  7  8  9 10 11 12 |
---------------+-------------------------------------+-----
Conjurations   | 1 2 3 4 5 7 8 9 10 | 10.1
Spellcasting   | 3 4 5 6 7 8 10 | 10.3
Fire Magic     | 3 4 5 6 7 8 10 | 10.3
Invocations    | 1 2 3 4 5 6 7 |  7.5
Dodging        | |  1.5
Stealth        | |  1.5

Action                   |  1- 3 |  4- 6 |  7- 9 | 10-12 || total
-------------------------+-------+-------+-------+-------++-------
Melee: Unarmed           |     2 |       |       |       ||     2
       Falchion          |    12 |    14 |   204 |    70 ||   300
       Dire flail        |       |       |       |   218 ||   218
 Cast: Flame Tongue      |    55 |    33 |    69 |    45 ||   202
       Conjure Flame     |       |     2 |    19 |    33 ||    54
       Sticky Flame      |       |     3 |    54 |    64 ||   121
       Fireball          |       |       |     6 |    53 ||    59
Invok: Divine Energy     |       |       |     2 |       ||     2
       Stop Divine Energ |       |       |     1 |       ||     1
       Channel Magic     |       |       |     3 |    13 ||    16
Evoke: Wand              |     1 |       |     2 |     9 ||    12
  Use: Scroll            |     1 |     2 |     7 |     9 ||    19
 Stab: Sleeping          |       |       |       |     1 ||     1
Armor: Robe              |     6 |     1 |    97 |   169 ||   273
Dodge: Dodged            |    34 |    17 |   156 |   239 ||   446
Block: Other             |       |       |    67 |    91 ||   158
       Reflection        |       |       |     1 |     1 ||     2
       Rpst.: Falchion   |     5 |     4 |    60 |    24 ||    93

Table legend:
 A = Spawn XP
 B = Non-spawn XP
 C = Spawn XP percentage of total XP
 D = Spawn monster count
 E = Non-spawn monster count
 F = Spawn count percentage of total count
 G = Total turns spent on level
                    A         B        C        D         E        F      G
               +---------+---------+-------+---------+---------+-------+---------
         Total |       0 |   26696 |   0.0 |       0 |     326 |   0.0 | 10514
               +---------+---------+-------+---------+---------+-------+---------
           D:1 |       0 |      15 |   0.0 |       0 |       9 |   0.0 |   425
           D:2 |       0 |      77 |   0.0 |       0 |      17 |   0.0 |   710
           D:3 |       0 |     308 |   0.0 |       0 |      13 |   0.0 |   706
           D:4 |       0 |     869 |   0.0 |       0 |      26 |   0.0 |  1201
           D:5 |       0 |     762 |   0.0 |       0 |      16 |   0.0 |   775
           D:6 |       0 |     737 |   0.0 |       0 |      24 |   0.0 |   844
           D:7 |       0 |    1292 |   0.0 |       0 |      19 |   0.0 |  1031
           D:8 |       0 |    1602 |   0.0 |       0 |      29 |   0.0 |   783
           D:9 |       0 |    2070 |   0.0 |       0 |      26 |   0.0 |   715
          D:10 |       0 |    2222 |   0.0 |       0 |      12 |   0.0 |   985
          D:11 |       0 |    5808 |   0.0 |       0 |      39 |   0.0 |   697
          D:12 |       0 |    3903 |   0.0 |       0 |      21 |   0.0 |   819
          D:13 |       0 |    6664 |   0.0 |       0 |      37 |   0.0 |   486
       Ossuary |       0 |     367 |   0.0 |       0 |      38 |   0.0 |   337
               +---------+---------+-------+---------+---------+-------+---------
